 Dungeon Crawl Stone Soup version 0.31-a0-195-g7586a6f1e9 (webtiles) character file.

Game seed: 11806702174128759583

48 qw the Shooter (level 3, 0/20 HPs)
             Began as a Deep Elf Hunter on June 24, 2023.
             Slain by an orc
             ... wielding a +0 war axe
              (8 damage)
             ... on level 2 of the Dungeon.
             The game lasted 00:00:22 (906 turns).

qw the Shooter (Deep Elf Hunter)                     Turns: 906, Time: 00:00:22

Health: 0/20       AC:  3    Str: 10    XL:     3   Next: 50%
Magic:  5/5        EV: 12    Int: 13    God:
Gold:   43         SH:  0    Dex: 18    Spells: 2/2 levels left

rFire   . . .        Y - +0 shortbow
rCold   . . .        (shield currently unavailable)
rNeg    . . .        c - +0 leather armour
rPois   .            (no helmet)
rElec   .            (no cloak)
rCorr   .            (no gloves)
SInv    .            (no boots)
Will    .....        (no amulet)
Stlth   ++           (no ring)
HPRegen 0.23/turn    (no ring)
MPRegen 0.09/turn

%: no passive effects
@: no status effects
A: no striking features
a: no special abilities


You were on level 2 of the Dungeon.
You visited 1 branch of the dungeon, and saw 2 of its levels.

You collected 43 gold pieces.


   Skills:
 - Level 1.5 Fighting
 + Level 7.0 Ranged Weapons
 - Level 2.4 Dodging
 - Level 1.2 Stealth


You had 2 spell levels left.
You didn't know any spells.
Your spell library was empty.

Inventory:

Hand Weapons
 Y - a +0 shortbow (weapon)
Armour
 b - a +0 pair of gloves
 c - a +0 leather armour (worn)
Scrolls
 d - a scroll of identify
 f - 2 scrolls of teleportation
Potions
 a - a potion of curing
 e - a potion of degeneration {unknown}

Dungeon Overview and Level Annotations

Branches:
Dungeon (2/15)

Altars:
Vehumet

Shops:
D:1 (


Message History

You shoot an arrow. The arrow barely misses the orc.
You shoot an arrow. The arrow barely misses the orc.
The arrow hits the orc!
You kill the orc!
You shoot an arrow. The arrow hits the orc.
You kill the orc!
An orc comes into view. It is wielding a +0 club.
An orc wizard comes into view. It is wielding a +0 dagger.
You shoot an arrow. The arrow hits the orc.
The orc is lightly wounded.
You shoot an arrow.
The arrow hits the orc but does no damage.
The orc is lightly wounded.
You shoot an arrow. The arrow closely misses the orc.
The arrow hits the orc wizard!
The orc wizard is heavily wounded.
The orc closely misses you.
You shoot an arrow. The arrow closely misses the orc.
The arrow hits the orc wizard.
The orc wizard is almost dead.
The orc barely misses you.
You shoot an arrow. The arrow closely misses the orc.
The arrow hits the orc wizard but does no damage.
The orc wizard is almost dead.
The orc hits you with a +0 war axe!
You shoot an arrow.
The arrow hits the orc but does no damage.
The orc is lightly wounded.
The orc wizard casts a spell.
The orc wizard flickers and vanishes!
Deactivating autopickup; reactivate with Ctrl-A.
The orc closely misses you.
You shoot an arrow. The arrow hits the orc.
The orc is almost dead.
The orc hits you with a +0 club. The orc hits you with a +0 war axe.
The orc barely misses you. The orc hits you with a +0 club. Something hits you.
You shoot an arrow.
The arrow hits the orc but does no damage.
The orc is almost dead.
Something hits you. The orc hits you with a +0 war axe!
You die...

.....##.#.....#.)
..................
.....####....#>...
.....# #....#.###
.....# #.####.# #
###### #.####.# ..#
#......#####...#
#######
#.###..........#
......#
#.#.....@.####.
.####.# #.#....oo.#
.####.###.#.....).#
...)......#.........
.####.#####.....).###
.####.# .........#
......# .........#
####### ...:.....#


You could see 2 orcs.

Vanquished Creatures
  A gnoll (D:1)
  2 dart slugs
  2 orcs (D:2)
  7 endoplasms (D:1)
  A giant cockroach (D:1)
  6 goblins
  A hobgoblin (D:1)
  A kobold (D:2)
  3 ball pythons (D:1)
  A bat (D:1)
  4 frilled lizards
29 creatures vanquished.

Notes
Turn   | Place    | Note
-------+----------+-------------------------------------------
     0 | D:1      | qw the Deep Elf Hunter began the quest for the Orb.
     0 | D:1      | Reached XP level 1. HP: 12/12 MP: 3/3
     0 | D:1      | 0 ||| qw: Version: 0.3-a-9-g12657ce
     0 | D:1      | 0 ||| qw: Game counter: 4736
     0 | D:1      | 0 ||| qw: Always use a shield: true
     0 | D:1      | 0 ||| qw: God list: Okawaru
     0 | D:1      | 0 ||| qw: Allow faded altars: false
     0 | D:1      | 0 ||| qw: Do Orc after D:15 true
     0 | D:1      | 0 ||| qw: Do second Lair branch before Depths: true
     0 | D:1      | 0 ||| qw: Lair rune preference: random
     0 | D:1      | 0 ||| qw: Plans: Normal
     0 | D:1      | 0 ||| PLANNING D:1-11
    26 | D:1      | Reached skill level 6 in Ranged Weapons
    26 | D:1      | Reached XP level 2. HP: 13/16 MP: 4/4
    58 | D:1      | 58 ||| READING scroll labelled MECSIE TEAJIA.
    59 | D:1      | 59 ||| DROPPING scroll of butterflies.
   193 | D:1      | Found Ukkeorigh's Antique Weapon Shop.
   213 | D:1      | 213 ||| SHOPLISTING runed shortbow (96 gold, have 19).
   235 | D:1      | Reached XP level 3. HP: 16/20 MP: 5/5
   461 | D:1      | 461 ||| READING scroll labelled XYSMEI ZOELUR.
   744 | D:1      | 744 ||| DRINKING 2 smoky grey potions.
   830 | D:2      | Found a radiant altar of Vehumet.
   890 | D:2      | Reached skill level 7 in Ranged Weapons
   906 | D:2      | Slain by an orc

Levels and vault maps discovered:
D:1:      dpeg_arrival_round_a, layout_loops_cross, serial_shops, shop,
          nicolae_the_louvre
D:2:      layout_loops_cross, basic_altar, chequers_serial_rivers_micro_c,
          hangedman_decor_diamond_cutter, hex_tiny

Skill      XL: |  1  2  3 |
---------------+----------+-----
Ranged Weapons | 6 7 |  7.0
Fighting       | |  1.5
Dodging        | |  2.4
Stealth        | |  1.2

Action                     || total
---------------------------++-------
   Fire: Shortbow          ||    93
    Use: Scroll            ||     2
         Potion            ||     1
 Armour: Leather armour    ||     5
  Dodge: Dodged            ||    18

Table legend:
 A = Non-vault XP
 B = Vault XP
 C = Vault XP percentage of total XP
 D = Non-vault monster count
 E = Vault monster count
 F = Vault count percentage of total count
                 A         B        C        D         E       F
            +---------+---------+-------+---------+---------+-------
      Total |      69 |       0 |   0.0 |      29 |       0 |   0.0
            +---------+---------+-------+---------+---------+-------
        D:1 |      52 |       0 |   0.0 |      22 |       0 |   0.0
        D:2 |      17 |       0 |   0.0 |       7 |       0 |   0.0
            +---------+---------+-------+---------+---------+-------
